 Dungeon Crawl Stone Soup version 0.19-a0-958-gd69d43c (webtiles) character file.

181 zxkuqyb the Chopper (level 5, -3/70 HPs)
             Began as a Minotaur Berserker on July 11, 2016.
             Was a Priest of Trog.
             Slain by Natasha (9 damage)
             ... on level 2 of the Dungeon.
             The game lasted 00:07:27 (1745 turns).

zxkuqyb the Chopper (Minotaur Berserker)            Turns: 1745, Time: 00:07:29

Health: -3/70      AC:  3    Str: 27    XL:     5   Next: 34%
Magic:  4/4        EV: 12    Int:  4    God:    Trog [***...]
Gold:   35         SH:  0    Dex: 10    Spells: 0 memorised, 4 levels left

rFire  . . .     SeeInvis .     a - +0 hand axe
rCold  . . .     Gourm    .     f - +0 leather armour
rNeg   . . .     Faith    .     (no shield)
rPois  .         Spirit   .     (helmet restricted)
rElec  .         Dismiss  .     (no cloak)
rCorr  .         Reflect  .     (no gloves)
SustAt .         Harm     .     (no boots)
MR     .....                    (no amulet)
Stlth  ..........               (no ring)
                                (no ring)

@: berserking, lethally poisoned (-3 -> -5), very quick, not resistant to
hostile enchantments, extremely unstealthy
A: retaliatory headbutt, horns 2
a: Berserk, Trog's Hand, Burn Spellbooks, Renounce Religion


You were on level 2 of the Dungeon.
You worshipped Trog.
Trog was most pleased with you.
You were not hungry.

You visited 1 branch of the dungeon, and saw 3 of its levels.

You collected 35 gold pieces.

Inventory:

Hand Weapons
 a - a +0 hand axe (weapon)
Armour
 b - a +0 animal skin
 f - a +0 leather armour (worn)
 j - a +0 chain mail
Scrolls
 h - a scroll of immolation {unknown}
 i - 3 scrolls of identify {unknown}
 k - 2 scrolls of teleportation {unknown}
Potions
 e - a potion of lignification {unknown}
 l - a potion of cancellation {unknown}
 m - a potion of agility {unknown}
 n - a potion of flight {unknown}
Comestibles
 c - 2 bread rations
 d - 3 fruits
 g - a beef jerky
 o - a chunk of flesh


   Skills:
 + Level 4.6 Fighting
 * Level 5.5 Axes
 + Level 3.9 Armour
 + Level 2.9 Dodging


You had 4 spell levels left.
You didn't know any spells.

Dungeon Overview and Level Annotations

Branches:
Dungeon (3/15)

Altars:
Trog

Annotations:
D:2 1 exclusion, Natasha
D:3 1 exclusion


Innate Abilities, Weirdness & Mutations

You reflexively headbutt those who attack you in melee.
You have a pair of horns on your head.


Message History

You feel sick.
The crimson imp blinks!
You feel sick.
Your skin stops crawling.
You feel less resistant to hostile enchantments.
There is a stone staircase leading up here.
You feel sick. Natasha claws you.
* * * LOW HITPOINT WARNING * * *
The crimson imp spits at you.
The crimson imp blinks!
You climb upwards.
The crimson imp disappears in a puff of smoke!
The white imp disappears in a puff of smoke!
Level annotation: 1 exclusion
* * * LOW HITPOINT WARNING * * *
You feel sick.
There is a stone staircase leading down here.
A red film seems to cover your vision as you go berserk!
You feel yourself moving faster!
You feel mighty!
You feel somewhat more hungry.
You feel sick. Natasha claws you!
You die...

#############
##.....#.@h..## ######
##.............##
#....###
#...............#
#..#....
#...............#
##..####
#..............)# ##.# #
#...............#### #.#
#..................###.#
#...............##...#.#
##.............#####...##


You could see Natasha.

Vanquished Creatures
  A scorpion (D:3)
  5 adders
  3 oozes
  3 dart slugs
  A giant gecko (D:1)
  12 bats
  2 giant cockroaches
  10 goblins
  9 hobgoblins
  8 jackals
  A quokka (D:2)
  A giant newt (D:2)
  4 kobolds
  7 rats
67 creatures vanquished.

Notes
Turn   | Place    | Note
-------+----------+-------------------------------------------
     0 | D:1      | zxkuqyb the Minotaur Berserker began the quest for the Orb.
     0 | D:1      | Reached XP level 1. HP: 19/19 MP: 0/0
   174 | D:1      | Reached XP level 2. HP: 27/27 MP: 1/1
   237 | D:1      | Reached skill level 4 in Axes
   479 | D:1      | Reached XP level 3. HP: 31/33 MP: 2/2
   523 | D:1      | Reached ** piety under Trog
  1140 | D:2      | Reached XP level 4. HP: 30/40 MP: 3/3
  1270 | D:2      | Reached *** piety under Trog
  1437 | D:2      | Found a bloodstained altar of Trog.
  1604 | D:2      | Reached skill level 5 in Axes
  1722 | D:3      | Reached XP level 5. HP: 17/47 MP: 4/4
  1727 | D:3      | Noticed Natasha
  1745 | D:2      | Slain by Natasha

Vault maps used:
D:1:      dpeg_arrival_brainrot
D:2:      marbit_many_paths, st_stairs_1
D:3:      lemuel_doored_altar, uniq_robin, uniq_sigmund, uniq_natasha

Skill      XL: |  1  2  3  4 |
---------------+-------------+-----
Axes           | 4 5 |  5.5
Armour         | 3 |  3.9
Fighting       | 4 |  4.6
Dodging        | |  2.9

Action                   |  1- 3 |  4- 6 || total
-------------------------+-------+-------++-------
Melee: Hand axe          |    64 |    63 ||   127
       Headbutt          |    14 |     9 ||    23
Invok: Berserk           |       |     1 ||     1
       Trog's Hand       |       |     1 ||     1
 Stab: Sleeping          |     1 |       ||     1
  Eat: Chunk             |     1 |     2 ||     3
Armor: Animal skin       |     2 |       ||     2
       Leather armour    |     8 |    11 ||    19
Dodge: Dodged            |    50 |    39 ||    89
